[Event "120th Taflfelag Reykjavik-A 2020"]
[Site "Reykjavik"]
[Date "2020.09.17"]
[Round "2.2"]
[White "Kjartansson, David"]
[Black "Gretarsson, Helgi Ass"]
[Result "1/2-1/2"]
[ECO "D10"]
[WhiteElo "2338"]
[BlackElo "2401"]
[Annotator "ChessBase"]
[PlyCount "53"]
[EventDate "2020.09.13"]
[EventType "tourn"]
[EventCountry "ISL"]
[SourceTitle "playchess.com"]
[Source "ChessBase"]
[SourceQuality "1"]
[TimeControl "40/5400+15:1800+30"]

1. d4 d5 2. c4 c6 3. cxd5 cxd5 4. Nc3 Nf6 5. Bf4 Nc6 6. e3 a6 7. Bd3 Bg4 8. Nge2 e6 9. O-O Bd6 10. f3 Bh5 11. Rc1 Bg6 12. Na4 O-O 13. Nc5 Bxf4 14. Nxf4 Qb6 15. Bxg6 hxg6 16. Nfd3 Rfc8 17. Qb3 Qxb3 18. Nxb3 b6 19. Rc3 Ne8 20. Rfc1 Ne7 21. Ne5 Rxc3 22. Rxc3 Rc8 23. Rxc8 Nxc8 24. Kf2 g5 25. Nd2 f6 26. Nd3 Kf7 27. Nb1 1/2-1/2

[Event "120th Taflfelag Reykjavik-A 2020"]
[Site "Reykjavik"]
[Date "2020.09.24"]
[Round "5.2"]
[White "Kjartansson, Gudmundur"]
[Black "Einarsson, Halldor Gretar"]
[Result "1-0"]
[ECO "A16"]
[WhiteElo "2466"]
[BlackElo "2258"]
[Annotator "ChessBase"]
[PlyCount "57"]
[EventDate "2020.09.13"]
[EventType "tourn"]
[EventCountry "ISL"]
[SourceTitle "playchess.com"]
[Source "ChessBase"]
[SourceQuality "1"]
[TimeControl "40/5400+15:1800+30"]

1. c4 Nf6 2. Nc3 d5 3. cxd5 Nxd5 4. g3 g6 5. Bg2 Nb6 6. d3 Bg7 7. Be3 N8d7 8. Qd2 h5 9. Nf3 Ne5 10. Nxe5 Bxe5 11. Bf4 Bxf4 12. Qxf4 Qd6 13. Qg5 c6 14. O-O Bf5 15. a4 h4 16. gxh4 a5 17. e4 Be6 18. Rfd1 Rh5 19. Qg3 O-O-O 20. d4 Bb3 21. e5 Qb4 22. Rdc1 Rxd4 23. Nb5 Rf4 24. Qe3 Rg4 25. f3 Rxg2+ 26. Kxg2 Nd5 27. Qa7 Qd2+ 28. Kh1 Nc7 29. Rxc6 1-0

[Event "120th Taflfelag Reykjavik-A 2020"]
[Site "Reykjavik"]
[Date "2020.09.24"]
[Round "5.3"]
[White "Gretarsson, Helgi Ass"]
[Black "Bjornsson, Sigurbjorn"]
[Result "1-0"]
[ECO "A11"]
[WhiteElo "2401"]
[BlackElo "2357"]
[Annotator "ChessBase"]
[PlyCount "41"]
[EventDate "2020.09.13"]
[EventType "tourn"]
[EventCountry "ISL"]
[SourceTitle "playchess.com"]
[Source "ChessBase"]
[SourceQuality "1"]
[TimeControl "40/5400+15:1800+30"]

1. Nf3 Nf6 2. g3 d5 3. Bg2 Bg4 4. c4 c6 5. Qb3 Qb6 6. Nc3 e6 7. d3 Nbd7 8. cxd5 Qxb3 9. axb3 exd5 10. Nd4 Bc5 11. Be3 O-O 12. h3 Be6 13. g4 h6 14. f4 Rfe8 15. Bg1 Nf8 16. f5 Bd7 17. Nc2 Bxg1 18. Rxg1 g6 19. Kd2 gxf5 20. gxf5 Bxf5 21. Raf1 1-0

[Event "120th Taflfelag Reykjavik-A 2020"]
[Site "Reykjavik"]
[Date "2020.09.24"]
[Round "5.4"]
[White "Sigfusson, Sigurdur"]
[Black "Thorhallsson, Simon"]
[Result "1/2-1/2"]
[ECO "C11"]
[WhiteElo "2276"]
[BlackElo "2215"]
[Annotator "ChessBase"]
[PlyCount "133"]
[EventDate "2020.09.13"]
[EventType "tourn"]
[EventCountry "ISL"]
[SourceTitle "playchess.com"]
[Source "ChessBase"]
[SourceQuality "1"]
[TimeControl "40/5400+15:1800+30"]

1. e4 e6 2. d4 d5 3. Nc3 Nf6 4. e5 Nfd7 5. f4 c5 6. Nf3 Nc6 7. Be3 Be7 8. Qd2 O-O 9. Be2 f6 10. exf6 Nxf6 11. dxc5 Qa5 12. Nb5 Qxd2+ 13. Nxd2 a6 14. Nd4 Bxc5 15. N2b3 Bd6 16. O-O e5 17. fxe5 Nxe5 18. Bf4 Bd7 19. c3 Rae8 20. Rad1 h6 21. h3 Nf7 22. Bxd6 Nxd6 23. Nc5 Bc8 24. Bd3 Re7 25. Bg6 Nfe4 26. Rxf8+ Kxf8 27. Nxe4 Nxe4 28. Nc2 Nf6 29. Nb4 Re5 30. c4 Rg5 31. Nxd5 Rxg6 32. Nf4 Bf5 33. Nxg6+ Bxg6 34. Kf2 Ke7 35. Ke3 Be4 36. Rd2 Bc6 37. Kd4 Ke6 38. b4 Kf5 39. Rb2 Kf4 40. b5 axb5 41. cxb5 Be8 42. Rb3 h5 43. a4 h4 44. Rf3+ Kg5 45. Kc5 Nd7+ 46. Kb4 Ne5 47. Rc3 Bg6 48. Rc7 Be4 49. Rxg7+ Ng6 50. Kc5 Bxg2 51. Kb6 Bxh3 52. Rxb7 Bg4 53. Rc7 Nf4 54. Ka7 h3 55. b6 h2 56. Rc1 Bf3 57. b7 Bxb7 58. Kxb7 Kg4 59. a5 Nd3 60. Rb1 Kf3 61. Kb6 Nb4 62. Kb5 Nd5 63. Kc5 Nc7 64. Kc6 Na6 65. Kb6 Nb4 66. a6 Nxa6 67. Kxa6 1/2-1/2

[Event "120th Taflfelag Reykjavik-A 2020"]
[Site "Reykjavik"]
[Date "2020.09.24"]
[Round "5.5"]
[White "Kjartansson, David"]
[Black "Stefansson, Vignir Vatnar"]
[Result "0-1"]
[ECO "B33"]
[WhiteElo "2338"]
[BlackElo "2301"]
[Annotator "ChessBase"]
[PlyCount "96"]
[EventDate "2020.09.13"]
[EventType "tourn"]
[EventCountry "ISL"]
[SourceTitle "playchess.com"]
[Source "ChessBase"]
[SourceQuality "1"]
[TimeControl "40/5400+15:1800+30"]

1. Nf3 c5 2. e4 Nc6 3. d4 cxd4 4. Nxd4 Nf6 5. Nc3 e5 6. Nf5 d5 7. Bg5 d4 8. Bxf6 gxf6 9. Nb1 Bxf5 10. exf5 Bb4+ 11. Nd2 Qd5 12. f3 Rg8 13. Kf2 d3 14. Bxd3 Qd4+ 15. Kf1 Bxd2 16. Qxd2 Qxb2 17. Rd1 O-O-O 18. g3 Qxa2 19. Kg2 Rd4 20. Qh6 Rxd3 21. Rxd3 Qxc2+ 22. Qd2 Qxd2+ 23. Rxd2 Nd4 24. Kf2 Rd8 25. Rc1+ Kb8 26. Re1 Rd5 27. Re4 b5 28. Rh4 b4 29. Rxh7 b3 30. Rxf7 Rc5 31. Ke3 Nc2+ 32. Ke4 b2 33. Rd8+ Rc8 34. Rff8 Rxd8 35. Rxd8+ Kc7 36. Rd1 Na3 37. h4 b1=Q+ 38. Rxb1 Nxb1 39. h5 Nd2+ 40. Ke3 Nc4+ 41. Ke4 Nd6+ 42. Kd5 Kd7 43. h6 Nf7 44. h7 Ke7 45. g4 Kf8 46. Ke6 Kg7 47. Ke7 a5 48. g5 Nxg5 0-1

[Event "120th Taflfelag Reykjavik-A 2020"]
[Site "Reykjavik"]
[Date "2020.09.26"]
[Round "6.3"]
[White "Bjornsson, Sigurbjorn"]
[Black "Sigfusson, Sigurdur"]
[Result "1/2-1/2"]
[ECO "C45"]
[WhiteElo "2357"]
[BlackElo "2276"]
[Annotator "ChessBase"]
[PlyCount "39"]
[EventDate "2020.09.13"]
[EventType "tourn"]
[EventCountry "ISL"]
[SourceTitle "playchess.com"]
[Source "ChessBase"]
[SourceQuality "1"]
[TimeControl "40/5400+15:1800+30"]

1. e4 e5 2. Nf3 Nc6 3. d4 exd4 4. Nxd4 Bc5 5. Nxc6 Qf6 6. Qf3 dxc6 7. Nc3 h5 8. Be3 Bb4 9. O-O-O Qe7 10. Qg3 Bxc3 11. bxc3 Qa3+ 12. Kd2 Nf6 13. f3 Be6 14. Qxc7 O-O 15. Bd3 Rad8 16. Ke2 Qxc3 17. Bd2 Qc5 18. Be3 Qc3 19. Bd2 Qc5 20. Be3 1/2-1/2

[Event "120th Taflfelag Reykjavik-A 2020"]
[Site "Reykjavik"]
[Date "2020.09.26"]
[Round "6.4"]
[White "Einarsson, Halldor Gretar"]
[Black "Gretarsson, Helgi Ass"]
[Result "0-1"]
[ECO "D20"]
[WhiteElo "2258"]
[BlackElo "2401"]
[Annotator "ChessBase"]
[PlyCount "78"]
[EventDate "2020.09.13"]
[EventType "tourn"]
[EventCountry "ISL"]
[SourceTitle "playchess.com"]
[Source "ChessBase"]
[SourceQuality "1"]
[TimeControl "40/5400+15:1800+30"]

1. d4 d5 2. c4 dxc4 3. e4 Nf6 4. e5 Nd5 5. Bxc4 Nb6 6. Bd3 Nc6 7. Ne2 Bg4 8. f3 Be6 9. Nbc3 a6 10. b3 Qd7 11. Ne4 Bd5 12. Nc5 Qc8 13. Bd2 e6 14. Rc1 Nd7 15. Ne4 Ba3 16. Rc2 Qb8 17. Kf2 Qa7 18. Be3 O-O 19. Qb1 Rfc8 20. h4 Nb4 21. Rd2 c5 22. Ng5 Nxd3+ 23. Qxd3 Nf8 24. h5 h6 25. Ne4 cxd4 26. Nxd4 Qb8 27. Rh4 Qxe5 28. Ng3 Bc1 29. Ndf5 exf5 30. Bd4 Qc7 31. Re2 Bg5 32. Rh1 f4 33. Nf5 Ne6 34. Bb2 Qc5+ 35. Kf1 Bc6 36. a4 Rd8 37. Qb1 Rd5 38. b4 Qxb4 39. Re4 Qb3 0-1

[Event "120th Taflfelag Reykjavik-A 2020"]
[Site "Reykjavik"]
[Date "2020.09.27"]
[Round "7.1"]
[White "Kjartansson, Gudmundur"]
[Black "Gretarsson, Hjorvar Steinn"]
[Result "1/2-1/2"]
[ECO "E12"]
[WhiteElo "2466"]
[BlackElo "2579"]
[Annotator "ChessBase"]
[PlyCount "127"]
[EventDate "2020.09.13"]
[EventType "tourn"]
[EventCountry "ISL"]
[SourceTitle "playchess.com"]
[Source "ChessBase"]
[SourceQuality "1"]
[TimeControl "40/5400+15:1800+30"]

1. d4 Nf6 2. c4 e6 3. Nf3 b6 4. a3 Ba6 5. Qc2 Bb7 6. Nc3 c5 7. e4 cxd4 8. Nxd4 Bc5 9. Nf3 Ng4 10. Bg5 f6 11. Bh4 Nc6 12. Rd1 a5 13. Be2 O-O 14. h3 Nge5 15. Nxe5 Nxe5 16. O-O Rc8 17. Kh1 Ba6 18. Qa4 g5 19. Bg3 Rf7 20. f4 gxf4 21. Bxf4 Ng6 22. Bg3 Bb7 23. Bh5 Bc6 24. Qc2 Rg7 25. Bxg6 Rxg6 26. Bd6 f5 27. b4 Bxd6 28. Rxd6 axb4 29. axb4 Qc7 30. c5 bxc5 31. bxc5 Rf8 32. Qd2 fxe4 33. Rxf8+ Kxf8 34. Qf4+ Kg8 35. Nxe4 Qd8 36. Rd2 Qf8 37. Rf2 Qxf4 38. Rxf4 e5 39. Rh4 h6 40. Rg4 Kg7 41. Rxg6+ Kxg6 42. Nc3 e4 43. Kg1 e3 44. Kf1 Kf5 45. g4+ Kf4 46. Ne2+ Ke5 47. Ng3 Bb5+ 48. Ke1 Bd3 49. Nh5 Bg6 50. Ng3 Bd3 51. Nh5 Bc4 52. Ng7 Kf4 53. Nh5+ Kg5 54. Ng7 Bd3 55. Nh5 Bg6 56. Ng3 Kh4 57. Nf1 Kxh3 58. Nxe3 Kg3 59. Nf5+ Kxg4 60. Nxh6+ Kf4 61. Kd2 Ke5 62. Ng4+ Kd4 63. Nf6 Kxc5 64. Nxd7+ 1/2-1/2

[Event "120th Taflfelag Reykjavik-A 2020"]
[Site "Reykjavik"]
[Date "2020.09.27"]
[Round "7.2"]
[White "Gretarsson, Helgi Ass"]
[Black "Thorfinnsson, Bragi"]
[Result "1-0"]
[ECO "D76"]
[WhiteElo "2401"]
[BlackElo "2427"]
[Annotator "ChessBase"]
[PlyCount "91"]
[EventDate "2020.09.13"]
[EventType "tourn"]
[EventCountry "ISL"]
[SourceTitle "playchess.com"]
[Source "ChessBase"]
[SourceQuality "1"]
[TimeControl "40/5400+15:1800+30"]

1. Nf3 Nf6 2. c4 g6 3. Nc3 Bg7 4. g3 O-O 5. Bg2 d5 6. d4 Nc6 7. cxd5 Nxd5 8. O-O Nb6 9. e3 Re8 10. d5 Nb4 11. e4 e6 12. Qb3 Na6 13. Bg5 Qd7 14. Rad1 exd5 15. exd5 Qg4 16. h3 Qc4 17. Nd2 Qxb3 18. axb3 h6 19. Be3 Bd7 20. Nc4 Nxc4 21. bxc4 Bxc3 22. bxc3 Rxe3 23. fxe3 Nc5 24. e4 a5 25. e5 a4 26. g4 Kg7 27. Rfe1 Re8 28. Re2 Rh8 29. Bf3 b6 30. Kg2 Re8 31. Kf2 h5 32. gxh5 gxh5 33. Bxh5 Rh8 34. Bg4 Bxg4 35. hxg4 Rh2+ 36. Kf3 Rh3+ 37. Kg2 Rh8 38. Kg3 Ra8 39. e6 fxe6 40. dxe6 Re8 41. e7 a3 42. Ra1 Kf7 43. Rxa3 Rxe7 44. Rxe7+ Kxe7 45. Kh4 Ne4 46. Ra7 1-0

[Event "120th Taflfelag Reykjavik-A 2020"]
[Site "Reykjavik"]
[Date "2020.09.27"]
[Round "7.3"]
[White "Sigfusson, Sigurdur"]
[Black "Einarsson, Halldor Gretar"]
[Result "1-0"]
[ECO "B33"]
[WhiteElo "2276"]
[BlackElo "2258"]
[Annotator "ChessBase"]
[PlyCount "79"]
[EventDate "2020.09.13"]
[EventType "tourn"]
[EventCountry "ISL"]
[SourceTitle "playchess.com"]
[Source "ChessBase"]
[SourceQuality "1"]
[TimeControl "40/5400+15:1800+30"]

1. e4 c5 2. Nf3 Nc6 3. d4 cxd4 4. Nxd4 Nf6 5. Nc3 e5 6. Ndb5 d6 7. Bg5 a6 8. Na3 b5 9. Bxf6 gxf6 10. Nd5 f5 11. Bd3 Be6 12. c3 Bxd5 13. exd5 Ne7 14. Nxb5 Bg7 15. Na3 O-O 16. O-O e4 17. Bc2 Qc8 18. Qd2 Ng6 19. Kh1 Rb8 20. Bb3 a5 21. f3 Re8 22. Rae1 Re7 23. fxe4 fxe4 24. Nc4 a4 25. Nxd6 Qd7 26. Nxe4 axb3 27. Nc5 Qb5 28. Nxb3 Rd7 29. Rd1 Rbd8 30. Qf2 Ne5 31. Rd4 Nc4 32. Rg4 Ne3 33. Rxg7+ Kxg7 34. Qf6+ Kg8 35. Qg5+ Kf8 36. Qh6+ Ke8 37. Qxe3+ Re7 38. Qf2 Qxd5 39. Nd4 Qxa2 40. Nc6 1-0

[Event "120th Taflfelag Reykjavik-A 2020"]
[Site "Reykjavik"]
[Date "2020.09.27"]
[Round "7.4"]
[White "Kjartansson, David"]
[Black "Bjornsson, Sigurbjorn"]
[Result "1-0"]
[ECO "E02"]
[WhiteElo "2338"]
[BlackElo "2357"]
[Annotator "ChessBase"]
[PlyCount "137"]
[EventDate "2020.09.13"]
[EventType "tourn"]
[EventCountry "ISL"]
[SourceTitle "playchess.com"]
[Source "ChessBase"]
[SourceQuality "1"]
[TimeControl "40/5400+15:1800+30"]

1. d4 Nf6 2. c4 e6 3. Nf3 d5 4. g3 dxc4 5. Qa4+ Bd7 6. Qxc4 Bc6 7. Bg2 Be7 8. O-O O-O 9. Bf4 Nbd7 10. Nc3 Nb6 11. Qd3 Nbd5 12. Nxd5 Bxd5 13. Rac1 Rc8 14. a3 c5 15. dxc5 Rxc5 16. Rxc5 Bxc5 17. Be5 Be7 18. Rc1 Bc6 19. Ne1 Bxg2 20. Kxg2 Qa8 21. Nf3 h6 22. Rc4 Rc8 23. Rd4 b6 24. b4 Qc6 25. Bd6 Bxd6 26. Rxd6 Qe4 27. Qxe4 Nxe4 28. Rd7 a5 29. Ne5 Rc2 30. Kf1 Rc1+ 31. Kg2 Rc2 32. Kf1 Nd2+ 33. Ke1 Nb1 34. f4 f6 35. Rd8+ Kh7 36. Nd7 Nxa3 37. bxa5 bxa5 38. Nf8+ Kg8 39. Nxe6+ Kf7 40. f5 Ke7 41. Ra8 Ra2 42. Ra7+ Kd6 43. Ra6+ Ke7 44. Kf2 Nb5 45. Nxg7 a4 46. Nh5 Nd4 47. Nf4 a3 48. Nd5+ Kf7 49. Ra7+ Kf8 50. Nc3 Ra1 51. g4 Nc2 52. Ra6 Kg7 53. Ra7+ Kf8 54. Kf3 Rh1 55. Nd5 Rxh2 56. Nxf6 Nd4+ 57. Kg3 Rh1 58. Rxa3 Nxe2+ 59. Kg2 Rd1 60. Ra7 Nf4+ 61. Kg3 Nd5 62. Nxd5 Rxd5 63. Rh7 Rd6 64. Kh4 Kg8 65. Rb7 Rc6 66. Kh5 Ra6 67. Re7 Ra4 68. Re6 Rb4 69. Rxh6 1-0

[Event "120th Taflfelag Reykjavik-A 2020"]
[Site "Reykjavik"]
[Date "2020.09.27"]
[Round "7.5"]
[White "Stefansson, Vignir Vatnar"]
[Black "Thorhallsson, Simon"]
[Result "1/2-1/2"]
[ECO "D30"]
[WhiteElo "2301"]
[BlackElo "2215"]
[Annotator "ChessBase"]
[PlyCount "81"]
[EventDate "2020.09.13"]
[EventType "tourn"]
[EventCountry "ISL"]
[SourceTitle "playchess.com"]
[Source "ChessBase"]
[SourceQuality "1"]
[TimeControl "40/5400+15:1800+30"]

1. d4 Nf6 2. Nf3 e6 3. e3 d5 4. c4 a6 5. a3 dxc4 6. Bxc4 c5 7. dxc5 Qxd1+ 8. Kxd1 Bxc5 9. b4 Bd6 10. Ke2 b5 11. Bd3 Bb7 12. Bb2 Nbd7 13. Nbd2 Ke7 14. e4 e5 15. Nh4 g6 16. f3 Nb6 17. f4 Nfd7 18. Nhf3 f6 19. fxe5 Nxe5 20. Bxe5 Bxe5 21. Nxe5 fxe5 22. Nb3 Rad8 23. Rac1 Na4 24. Nc5 Nxc5 25. Rxc5 Rc8 26. Rhc1 Rxc5 27. Rxc5 Kd6 28. a4 Bc6 29. axb5 axb5 30. Ke3 Rb8 31. h4 h6 32. g4 Rb7 33. g5 h5 34. Be2 Rb8 35. Bf1 Rb7 36. Bd3 Rb8 37. Rc1 Rf8 38. Rd1 Kc7 39. Rc1 Kd6 40. Rd1 Kc7 41. Rc1 1/2-1/2

[Event "120th Taflfelag Reykjavik-A 2020"]
[Site "Reykjavik"]
[Date "2020.10.01"]
[Round "8.1"]
[White "Gretarsson, Hjorvar Steinn"]
[Black "Thorhallsson, Simon"]
[Result "1-0"]
[ECO "A77"]
[WhiteElo "2579"]
[BlackElo "2215"]
[Annotator "ChessBase"]
[PlyCount "57"]
[EventDate "2020.09.13"]
[EventType "tourn"]
[EventCountry "ISL"]
[SourceTitle "playchess.com"]
[Source "ChessBase"]
[SourceQuality "1"]
[TimeControl "40/5400+15:1800+30"]

1. Nf3 Nf6 2. c4 e6 3. d4 c5 4. d5 d6 5. Nc3 exd5 6. cxd5 g6 7. Nd2 Bg7 8. e4 O-O 9. Be2 Re8 10. O-O a6 11. a4 Nbd7 12. f3 Nh5 13. f4 Bd4+ 14. Kh1 Ng7 15. Nf3 Bxc3 16. bxc3 Rxe4 17. Bd3 Re8 18. f5 gxf5 19. Bh6 Nf8 20. Rb1 Ng6 21. Qd2 f6 22. Qc2 Re7 23. Nd2 Ne5 24. Bxg7 Rxg7 25. Bxf5 Qe8 26. Ne4 Bxf5 27. Rxf5 Ng4 28. h3 Re7 29. Re1 1-0

[Event "120th Taflfelag Reykjavik-A 2020"]
[Site "Reykjavik"]
[Date "2020.10.01"]
[Round "8.2"]
[White "Bjornsson, Sigurbjorn"]
[Black "Stefansson, Vignir Vatnar"]
[Result "0-1"]
[ECO "B33"]
[WhiteElo "2357"]
[BlackElo "2301"]
[Annotator "ChessBase"]
[PlyCount "74"]
[EventDate "2020.09.13"]
[EventType "tourn"]
[EventCountry "ISL"]
[SourceTitle "playchess.com"]
[Source "ChessBase"]
[SourceQuality "1"]
[TimeControl "40/5400+15:1800+30"]

1. e4 c5 2. Nf3 Nc6 3. d4 cxd4 4. Nxd4 Nf6 5. Nc3 e5 6. Ndb5 d6 7. Bg5 a6 8. Na3 Be6 9. Nc4 Rc8 10. Nd5 Bxd5 11. Bxf6 gxf6 12. Qxd5 Nd4 13. Ne3 Qd7 14. Rd1 Rc5 15. Rxd4 Rxd5 16. Nxd5 Be7 17. Rc4 Bd8 18. Bd3 Rg8 19. O-O Qh3 20. g3 h5 21. Re1 h4 22. Bf1 Qe6 23. Re3 Rh8 24. Rec3 hxg3 25. Rxg3 f5 26. Bh3 Rxh3 27. Rxh3 fxe4 28. Rh8+ Kd7 29. Ne3 f5 30. Rc3 f4 31. Ng2 Qg6 32. Rch3 Bb6 33. R8h7+ Kc6 34. R7h6 Qg4 35. Rc3+ Kd5 36. Kf1 Qd1+ 37. Ne1 f3 0-1

[Event "120th Taflfelag Reykjavik-A 2020"]
[Site "Reykjavik"]
[Date "2020.10.01"]
[Round "8.3"]
[White "Einarsson, Halldor Gretar"]
[Black "Kjartansson, David"]
[Result "1-0"]
[ECO "A48"]
[WhiteElo "2258"]
[BlackElo "2338"]
[Annotator "ChessBase"]
[PlyCount "85"]
[EventDate "2020.09.13"]
[EventType "tourn"]
[EventCountry "ISL"]
[SourceTitle "playchess.com"]
[Source "ChessBase"]
[SourceQuality "1"]
[TimeControl "40/5400+15:1800+30"]

1. d4 Nf6 2. Nf3 g6 3. Bf4 Bg7 4. e3 O-O 5. Nc3 d6 6. Qd2 Nbd7 7. h3 a6 8. a4 c5 9. Be2 b6 10. O-O Bb7 11. d5 Qc7 12. Bc4 Rfd8 13. e4 Ne8 14. Bh6 Bh8 15. Ng5 b5 16. axb5 axb5 17. Nxb5 Qb6 18. c3 Ba6 19. Na3 Bxc4 20. Nxc4 Qb5 21. Ne3 Rdb8 22. Rxa8 Rxa8 23. f4 Ra2 24. Rf2 c4 25. Qe2 Bxc3 26. Nf5 Bf6 27. e5 dxe5 28. fxe5 Ra1+ 29. Kh2 Qb8 30. Nxe7+ Bxe7 31. Nxf7 Nef6 32. d6 Bf8 33. Qxc4 Bxh6 34. Nxh6+ Kg7 35. exf6+ Nxf6 36. Qd4 Kxh6 37. Qf4+ Kh5 38. Qxf6 Ra6 39. Rd2 Qb4 40. Rd4 Qe1 41. g4+ Kh6 42. Qf8+ Kg5 43. Qf4+ 1-0

[Event "120th Taflfelag Reykjavik-A 2020"]
[Site "Reykjavik"]
[Date "2020.10.01"]
[Round "8.4"]
[White "Thorfinnsson, Bragi"]
[Black "Sigfusson, Sigurdur"]
[Result "1-0"]
[ECO "A45"]
[WhiteElo "2427"]
[BlackElo "2276"]
[Annotator "ChessBase"]
[PlyCount "65"]
[EventDate "2020.09.13"]
[EventType "tourn"]
[EventCountry "ISL"]
[SourceTitle "playchess.com"]
[Source "ChessBase"]
[SourceQuality "1"]
[TimeControl "40/5400+15:1800+30"]

1. d4 Nf6 2. Bf4 g6 3. Nc3 Bg7 4. Qd2 c5 5. dxc5 Qa5 6. e4 Qxc5 7. Be2 d6 8. Bh6 Bxh6 9. Qxh6 Be6 10. Nh3 Bc4 11. Bxc4 Qxc4 12. O-O-O Nbd7 13. Nf4 Rc8 14. Kb1 Rc5 15. Rhe1 b5 16. Nfd5 b4 17. b3 Nxd5 18. bxc4 Nxc3+ 19. Kc1 Nf6 20. Rd5 Rxc4 21. Ra5 Rc7 22. f3 Rg8 23. Qe3 Kd7 24. Rxa7 Rgc8 25. Rxc7+ Rxc7 26. g4 e5 27. h4 Nxa2+ 28. Kb2 Nc3 29. Ra1 Nb5 30. Qb6 Na3 31. Qxb4 Nxc2 32. Qb5+ Ke6 33. Qb3+ 1-0

[Event "120th Taflfelag Reykjavik-A 2020"]
[Site "Reykjavik"]
[Date "2020.10.01"]
[Round "8.5"]
[White "Kjartansson, Gudmundur"]
[Black "Gretarsson, Helgi Ass"]
[Result "0-1"]
[ECO "D25"]
[WhiteElo "2466"]
[BlackElo "2401"]
[Annotator "ChessBase"]
[PlyCount "68"]
[EventDate "2020.09.13"]
[EventType "tourn"]
[EventCountry "ISL"]
[SourceTitle "playchess.com"]
[Source "ChessBase"]
[SourceQuality "1"]
[TimeControl "40/5400+15:1800+30"]

1. d4 d5 2. c4 dxc4 3. Nf3 Nf6 4. e3 Bg4 5. Bxc4 e6 6. Qb3 Bxf3 7. gxf3 Qc8 8. Nc3 a6 9. d5 b5 10. Be2 b4 11. dxe6 bxc3 12. exf7+ Kd8 13. e4 Nbd7 14. bxc3 Nc5 15. Qc4 Qe6 16. Be3 Qxc4 17. Bxc4 Nfd7 18. O-O-O Kc8 19. Rhg1 Kb7 20. Bd5+ c6 21. Be6 Nxe6 22. Rxd7+ Kc8 23. Rgd1 Ba3+ 24. Kc2 Rd8 25. Rxd8+ Nxd8 26. e5 Rb8 27. Bc1 Bf8 28. f4 Rb7 29. Rxd8+ Kxd8 30. e6 Rb5 31. Kd3 Rf5 32. Ke4 g6 33. c4 c5 34. Bb2 Ke7 0-1

[Event "120th Taflfelag Reykjavik-A 2020"]
[Site "Reykjavik"]
[Date "2020.10.01"]
[Round "8.9"]
[White "Johannsson, Birkir Isak"]
[Black "Hardarson, Petur Palmi"]
[Result "1/2-1/2"]
[ECO "E90"]
[WhiteElo "2146"]
[BlackElo "2061"]
[Annotator "ChessBase"]
[PlyCount "104"]
[EventDate "2020.09.13"]
[EventType "tourn"]
[EventCountry "ISL"]
[SourceTitle "playchess.com"]
[Source "ChessBase"]
[SourceQuality "1"]
[TimeControl "40/5400+15:1800+30"]

1. c4 Nf6 2. Nc3 g6 3. e4 d6 4. d4 Bg7 5. h3 O-O 6. Be3 c6 7. Nf3 e5 8. d5 Na6 9. Nd2 Bd7 10. Be2 cxd5 11. cxd5 Nc5 12. b4 Na6 13. a3 Nc7 14. O-O Nfe8 15. Rc1 f5 16. exf5 gxf5 17. f4 e4 18. Nb3 a6 19. Nd4 Rc8 20. a4 Na8 21. a5 Nac7 22. Qb3 Qe7 23. Rc2 Nf6 24. Rfc1 Rfe8 25. Bc4 Kh8 26. Kh2 Nh5 27. Nce2 Rg8 28. g3 Bf6 29. b5 axb5 30. Nxb5 Na6 31. Na7 Rb8 32. Bxa6 bxa6 33. Bb6 Rb7 34. Rc7 Rxc7 35. Rxc7 Qe8 36. Nc6 e3 37. Qd3 Qg6 38. Bd4 Bxc6 39. Rxc6 Bxd4 40. Qxd4+ Ng7 41. Rc3 Qe8 42. Rxe3 Qb5 43. Re7 Qxa5 44. Kg2 Qd8 45. Qf6 a5 46. Nd4 Qa8 47. Qf7 Qc8 48. h4 Qc3 49. Ne6 Qd2+ 50. Kh3 Qe1 51. Kg2 Qe2+ 52. Kg1 Qe1+ 1/2-1/2

[Event "120th Taflfelag Reykjavik-A 2020"]
[Site "Reykjavik"]
[Date "2020.10.01"]
[Round "8.10"]
[White "Briem, Benedikt"]
[Black "Mai, Alexander Oliver"]
[Result "1/2-1/2"]
[ECO "A49"]
[WhiteElo "1951"]
[BlackElo "2055"]
[Annotator "ChessBase"]
[PlyCount "226"]
[EventDate "2020.09.13"]
[EventType "tourn"]
[EventCountry "ISL"]
[SourceTitle "playchess.com"]
[Source "ChessBase"]
[SourceQuality "1"]
[TimeControl "40/5400+15:1800+30"]

1. Nf3 Nf6 2. g3 g6 3. Bg2 Bg7 4. O-O O-O 5. d4 c5 6. c3 Qb6 7. Nbd2 d5 8. Re1 Nc6 9. Nb3 cxd4 10. cxd4 Ne4 11. Be3 a5 12. Qc1 a4 13. Nbd2 Nd6 14. Rd1 Nf5 15. Nf1 Nfxd4 16. Nxd4 Nxd4 17. Qd2 e5 18. Bxd5 Qb5 19. Bxd4 exd4 20. Be4 Re8 21. Bd3 Qe5 22. Rac1 Be6 23. a3 Bb3 24. Re1 Bd5 25. Rc2 Bc6 26. Qb4 Qd5 27. f3 Bf8 28. Qb6 Qe5 29. Rd1 Rad8 30. Nd2 Qe3+ 31. Kg2 Rd6 32. Qa5 Rd5 33. Qb6 Rh5 34. Rxc6 bxc6 35. Ne4 Re6 36. h4 Rhe5 37. Qd8 Kg7 38. Ng5 Re8 39. Qd7 R5e7 40. Qxc6 Rb8 41. Rb1 Rb3 42. Qxa4 Reb7 43. Qc4 R3b6 44. b4 Qe5 45. f4 Qd6 46. Nf3 Rd7 47. Rc1 Rbb7 48. Qc6 Qxc6 49. Rxc6 Ra7 50. Ne5 Rdb7 51. Nc4 Be7 52. Kh3 f5 53. Kg2 Bf8 54. h5 Be7 55. hxg6 hxg6 56. g4 Rc7 57. Rxc7 Rxc7 58. gxf5 gxf5 59. b5 Rb7 60. a4 Bd8 61. Nd6 Ra7 62. Nxf5+ Kf6 63. Nxd4 Bb6 64. Nc6 Rxa4 65. f5 Bc7 66. Kf3 Bb6 67. Nb8 Rd4 68. Be4 Rd1 69. Bd3 Rf1+ 70. Ke4 Bd8 71. Nd7+ Ke7 72. Ne5 Bc7 73. Kd5 Rc1 74. Nc4 Rc3 75. Kc6 Bh2 76. b6 Rb3 77. b7 Bb8 78. Nb6 Rc3+ 79. Bc4 Rc1 80. Nd5+ Kd8 81. Kc5 Ba7+ 82. Kb4 Kd7 83. e4 Kc6 84. f6 Bc5+ 85. Kb3 Rb1+ 86. Kc3 Kxb7 87. Nf4 Rc1+ 88. Kd3 Rd1+ 89. Ke2 Rc1 90. Bd5+ Kc8 91. Ne6 Bd6 92. f7 Kd7 93. f8=Q Bxf8 94. Nxf8+ Kd6 95. Ng6 Rg1 96. Nf4 Ke5 97. Nd3+ Kd4 98. Ne1 Rh1 99. Nf3+ Kc5 100. Ke3 Rd1 101. Be6 Kd6 102. Bf5 Ra1 103. Kf4 Ra8 104. e5+ Ke7 105. Ng5 Rb8 106. Nf3 Rf8 107. Nd4 Ra8 108. Ke4 Ra4 109. Bg6 Ra6 110. Kf5 Rb6 111. e6 Rd6 112. Ke5 Rxd4 113. Kxd4 Kxe6 1/2-1/2